 Dungeon Crawl Stone Soup version 0.30-a0-1116-gebefce21f7 (webtiles) character file.

Game seed: 12352280434682530842

1817 retardedninja the Magician (level 9, 0/65 HPs)
             Began as a Gnoll Fire Elementalist on Apr 21, 2023.
             Was an Initiate of Cheibriados.
             Slain by Amaemon
             ... wielding a +0 demon whip of venom
              (2 damage)
             ... on level 8 of the Dungeon.
             The game lasted 00:12:57 (10394 turns).

retardedninja the Magician (GnFE)                  Turns: 10394, Time: 00:12:59

Health: 0/65       AC:  7    Str:  9    XL:     9   Next: 10%
Magic:  14/18      EV: 14    Int: 25    God:    Cheibriados [......]
Gold:   460        SH:  0    Dex: 14    Spells: 14/21 levels left

rFire   . . .      SeeInvis .    G - +1 war axe (freeze)
rCold   . . .      Faith    .    (no shield)
rNeg    . . .      Spirit   .    a - +2 robe
rPois   .          Reflect  .    (no helmet)
rElec   .          Rampage  .    e - +0 cloak
rCorr   .                        u - +0 pair of gloves
Will    .....                    y - +0 pair of boots
Stlth   +++                      (no amulet)
HPRegen 0.30/turn                g - +4 ring of slaying
MPRegen 0.16/turn                w - +6 ring of intelligence

@: lethally poisoned (0 -> -26), very slightly contaminated, very slow
A: fangs 1, strong nose, distributed training
a: Renounce Religion


You were on level 8 of the Dungeon.
You worshipped Cheibriados.
Cheibriados was noncommittal.
You visited 2 branches of the dungeon, and saw 9 of its levels.

You collected 460 gold pieces.

Inventory:

Hand Weapons
 G - a +1 war axe of freezing (weapon)
Missiles
 C - a throwing net
Armour
 a - a +2 robe (worn)
 e - a +0 cloak (worn)
 u - a +0 pair of gloves (worn)
 y - a +0 pair of boots (worn)
Jewellery
 g - a +4 ring of slaying (left hand)
 w - a +6 ring of intelligence (right hand)
Wands
 D - a wand of mindburst (15)
 E - a wand of flame (20)
Scrolls
 c - 2 scrolls of magic mapping
 f - 2 scrolls of enchant weapon {unknown}
 k - 2 scrolls of fog {unknown}
 l - a scroll of vulnerability {unknown}
 n - a scroll of torment
 o - a scroll of immolation
 q - a scroll of amnesia {unknown}
 x - a scroll of fear {unknown}
 F - a scroll of silence {unknown}
Potions
 b - a potion of magic
 d - 3 potions of lignification
 h - 6 potions of curing
 m - a potion of mutation {unknown}
 s - a potion of brilliance {unknown}
 t - 2 potions of berserk rage
 v - 3 potions of flight
 z - 3 potions of attraction {unknown}
 A - a potion of resistance {unknown}


   Skills:
 + Level 4.0 Fighting
 + Level 4.0 Short Blades
 + Level 4.0 Long Blades
 + Level 4.0 Axes
 + Level 4.0 Maces & Flails
 + Level 4.0 Polearms
 + Level 4.0 Staves
 + Level 4.0 Ranged Weapons
 + Level 4.0 Throwing
 + Level 4.0 Armour
 + Level 6.2 Dodging
 + Level 5.9 Stealth
 + Level 4.0 Shields
 + Level 4.0 Unarmed Combat
 + Level 6.5 Spellcasting
 + Level 4.0 Conjurations
 + Level 3.3 Hexes
 + Level 3.3 Summonings
 + Level 3.3 Necromancy
 + Level 3.3 Translocations
 + Level 3.3 Transmutations
 + Level 6.4 Fire Magic
 + Level 3.3 Ice Magic
 + Level 3.3 Air Magic
 + Level 3.3 Earth Magic
 + Level 3.3 Poison Magic
 + Level 4.4 Invocations
 + Level 4.0 Evocations


You had 14 spell levels left.
You knew the following spells:

 Your Spells              Type           Power      Damage    Failure   Level
a - Foxfire               Conj/Fire      100%       2x1d9     1%          1
b - Scorch                Fire           80%        2d8       1%          2
c - Flame Wave            Conj/Fire      34%        2d10      9%          4

Your spell library contained the following spells:

 Spells                   Type           Power      Damage    Failure   Level
 Magic Dart               Conj           100%       1d8       1%          1
 Searing Ray              Conj           56%        2d6       1%          2
 Inner Flame              Hex/Fire       32%        N/A       2%          3
 Volatile Blastmotes      Fire/Tloc      64%        2d15      2%          3
 Vhi's Electric Charge    Tloc/Air       48%        N/A       5%          3
 Sticky Flame             Conj/Fire      34%        2d5       9%          4
 Fulminant Prism          Conj/Hex       13%        3d9       16%         4
 Arcjolt                  Conj/Air       13%        1d23      41%         5
 Maxwell's Capacitive Co  Air            12%        ∞         100%        8


Dungeon Overview and Level Annotations

Branches:
Dungeon (8/15)             Temple (1/1) D:4
   Lair: D:8-11

Altars:
Ashenzari
Cheibriados
Dithmenos
Elyvilon
Fedhas
Gozag
Hepliaklqana
Kikubaaqudgha
Makhleb
Nemelex Xobeh
Okawaru
Qazlal
Sif Muna
Uskayaw
Vehumet
Wu Jian
Xom
Yredelemnul
Zin
The Shining One

Shops:
D:5 (

Annotations:
D:8 Amaemon


Innate Abilities, Weirdness & Mutations

You have very sharp teeth.
Your uncanny sense of smell can sniff out nearby items.
Your experience applies equally to all skills.


Message History

Things that are here:
a +0 robe; a +0 short sword An orange demon comes into view.
Amaemon closely misses you. Amaemon claws you but does no damage.
Amaemon tail-slaps you but does no damage.
Amaemon hits you with a +0 demon whip of venom.
You are poisoned.
Amaemon claws you. Amaemon tail-slaps you.
You are more poisoned.
Amaemon poisons you!
There is a stone staircase leading up, spattered with blood here.
Casting: Flame Wave (dangerous; 9% risk of failure)
Confirm with . or Enter, or press ? or * to list all spells.
Casting: Flame Wave (dangerous; 9% risk of failure)
Press: ? - help, Dir - look around, f - activate You miscast Flame Wave.
You are very lightly contaminated with residual magic.
You are blasted with searing flames!
You feel very sick.
The centaur wields a +0 shortbow.
The centaur shoots an arrow.
The arrow hits you.
Amaemon closely misses you. x2; Amaemon tail-slaps you.
You feel very sick.
The centaur shoots an arrow.
The arrow barely misses you. The wight completely misses you.
Amaemon gestures wildly while chanting.
Unknown command.
You feel very sick. The orange demon closely misses you.
Amaemon hits you with a +0 demon whip of venom!
* * * LOW HITPOINT WARNING * * *
You are more poisoned.
Amaemon closely misses you. x2; The wight closely misses you.
Unknown command.
* * * LOW HITPOINT WARNING * * *
You feel very sick. The scorpion barely misses you.
The orange demon barely misses you. Amaemon barely misses you.
Amaemon claws you.
* * * LOW HITPOINT WARNING * * *
Amaemon tail-slaps you.
You die...

##.#.? #
##.....###. ..
#..#... ..# .#
...).##.# ##.#
.....#.###..
#?.....##.# #
#.sz4..##.####.##
#6##....>......
#@s..c.......<.
#######......##
#.###### #.# #.#
#># #.# #.. #.#


You could see Amaemon, an orange demon, a centaur, 2 scorpions and a wight.

Vanquished Creatures
  3 ice beasts
  A sky beast (D:6)
  A black bear (D:6)
  A bullfrog (D:7)
  4 wights
  5 killer bees (D:7)
  A howler monkey (D:4)
  A jelly (D:5)
  3 orc priests
  6 hounds
  2 sleepcaps (D:5)
  Jessica (D:2)
  Terence (D:3)
  5 orc wizards
  4 iguanas
  8 adders
  A gnoll (D:1)
  2 white imps
  An ufetubus (D:4)
  3 worms
  20 orcs
  4 endoplasms
  A giant cockroach (D:4)
  9 goblins
  6 hobgoblins
  4 jackals (D:4)
  4 quokkas
  5 ball pythons
  7 bats
  3 frilled lizards
  7 kobolds
  4 rats
128 creatures vanquished.

Vanquished Creatures (others)
  575 foxfires
575 creatures vanquished.

Grand Total: 703 creatures vanquished

Notes
Turn   | Place    | Note
-------+----------+-------------------------------------------
     0 | D:1      | retardedninja the Gnoll Fire Elementalist began the quest
                  | for the Orb.
     0 | D:1      | Reached XP level 1. HP: 13/13 MP: 6/6
   452 | D:1      | Reached XP level 2. HP: 19/19 MP: 5/7
   927 | D:1      | Learned a level 2 spell: Scorch
   937 | D:1      | Reached skill level 5 in Spellcasting
   937 | D:1      | Reached XP level 3. HP: 25/25 MP: 3/9
  1272 | D:2      | Reached skill level 1 in Invocations
  1540 | D:2      | Reached skill level 1 in Fighting
  1540 | D:2      | Reached skill level 1 in Short Blades
  1540 | D:2      | Reached skill level 1 in Long Blades
  1540 | D:2      | Reached skill level 1 in Axes
  1540 | D:2      | Reached skill level 1 in Maces & Flails
  1540 | D:2      | Reached skill level 1 in Polearms
  1540 | D:2      | Reached skill level 1 in Staves
  1540 | D:2      | Reached skill level 1 in Ranged Weapons
  1540 | D:2      | Reached skill level 1 in Throwing
  1540 | D:2      | Reached skill level 1 in Armour
  1540 | D:2      | Reached skill level 1 in Shields
  1540 | D:2      | Reached skill level 1 in Unarmed Combat
  1540 | D:2      | Reached skill level 1 in Evocations
  1595 | D:2      | Noticed Jessica
  1603 | D:2      | Killed Jessica
  1604 | D:2      | Reached XP level 4. HP: 32/32 MP: 6/11
  1752 | D:2      | Reached skill level 1 in Hexes
  1752 | D:2      | Reached skill level 1 in Summonings
  1752 | D:2      | Reached skill level 1 in Necromancy
  1752 | D:2      | Reached skill level 1 in Translocations
  1752 | D:2      | Reached skill level 1 in Transmutations
  1752 | D:2      | Reached skill level 1 in Ice Magic
  1752 | D:2      | Reached skill level 1 in Air Magic
  1752 | D:2      | Reached skill level 1 in Earth Magic
  1752 | D:2      | Reached skill level 1 in Poison Magic
  1956 | D:2      | You fall into a shaft and drop 2 floors!
  1963 | D:4      | Found a staircase to the Ecumenical Temple.
  1972 | Temple   | Entered the Ecumenical Temple
  3040 | D:2      | Reached XP level 5. HP: 37/37 MP: 8/12
  3221 | D:3      | Noticed Terence
  3227 | D:3      | Learned a level 4 spell: Flame Wave
  3235 | D:3      | Killed Terence
  3866 | D:3      | Found a shimmering altar of Xom.
  4563 | D:4      | Reached XP level 6. HP: 38/44 MP: 5/13
  5513 | D:5      | Entered Level 5 of the Dungeon
  5520 | D:5      | Reached skill level 5 in Dodging
  6189 | D:5      | Reached XP level 7. HP: 45/50 MP: 3/15
  6535 | D:5      | Found Kaucsyx's Weapon Shop.
  7197 | D:6      | Reached skill level 5 in Stealth
  7494 | D:6      | Reached XP level 8. HP: 58/58 MP: 12/16
  7532 | D:6      | Identified the +1 rapier "Alukakef" {distort, rElec rPois
                  | Int+6 Stlth+}
  8588 | D:7      | Found a sparkling altar of Nemelex Xobeh.
  8589 | D:7      | Found a burning altar of Makhleb.
  8589 | D:7      | Found a snail-covered altar of Cheibriados.
  8591 | D:7      | Found an opulent altar of Gozag.
  8666 | D:7      | Became a worshipper of Cheibriados the Contemplative
  9010 | D:7      | Found a radiant altar of Vehumet.
  9584 | D:7      | Reached XP level 9. HP: 35/65 MP: 7/18
 10175 | D:8      | Noticed Amaemon
 10390 | D:8      | Noticed an orange demon
 10394 | D:8      | HP: 2/65 [Amaemon/+0 demon whip of venom (2)]
 10394 | D:8      | Slain by Amaemon

Illustrated notes

Levels and vault maps discovered:
D:1:      eino_arrival_water_star, layout_basic
D:2:      layout_basic, grunt_ministairs_1, uniq_jessica
D:3:      layout_loops_corners, mainiacjoe_overflow_boulevard, dk_vineyard_1,
          nicolae_figureground_sparkle, uniq_terence
D:4:      layout_loops_ring, minmay_temple_entry_glassed_door
D:5:      layout_basic, serial_shops, shop
D:6:      layout_rooms
D:7:      layout_loops_ring, chequers_temple_overflow_statue_of_worship,
          lemuel_tele_altar
D:8:      layout_loops_ring, mainiacjoe_overflow_small_starburst, tgw_trog,
          serial_shops, shop, uniq_amaemon, uniq_psyche
Temple:   jpeg_temple_clearing

Skill      XL: |  1  2  3  4  5  6  7  8  9 |
---------------+----------------------------+-----
Conjurations   | 2 3 4 |  4.0
Spellcasting   | 5 6 |  6.5
Invocations    | 1 2 3 4 |  4.4
Fighting       | 1 2 3 4 |  4.0
Short Blades   | 1 2 3 4 |  4.0
Long Blades    | 1 2 3 4 |  4.0
Axes           | 1 2 3 4 |  4.0
Maces & Flails | 1 2 3 4 |  4.0
Polearms       | 1 2 3 4 |  4.0
Staves         | 1 2 3 4 |  4.0
Ranged Weapons | 1 2 3 4 |  4.0
Throwing       | 1 2 3 4 |  4.0
Armour         | 1 2 3 4 |  4.0
Shields        | 1 2 3 4 |  4.0
Unarmed Combat | 1 2 3 4 |  4.0
Evocations     | 1 2 3 4 |  4.0
Hexes          | 1 2 3 |  3.3
Summonings     | 1 2 3 |  3.3
Necromancy     | 1 2 3 |  3.3
Translocations | 1 2 3 |  3.3
Transmutations | 1 2 3 |  3.3
Ice Magic      | 1 2 3 |  3.3
Air Magic      | 1 2 3 |  3.3
Earth Magic    | 1 2 3 |  3.3
Poison Magic   | 1 2 3 |  3.3
Dodging        | 5 6 |  6.2
Stealth        | 5 |  5.9
Fire Magic     | 6 |  6.4

Action                     |  1- 3 |  4- 6 |  7- 9 || total
---------------------------+-------+-------+-------++-------
  Melee: Spear             |     1 |       |    10 ||    11
   Cast: Foxfire           |    78 |   164 |   133 ||   375
         Scorch            |     8 |    19 |     5 ||    32
         Flame Wave        |       |       |    10 ||    10
    Use: Scroll            |       |     7 |     2 ||     9
 Armour: Robe              |     3 |    16 |    31 ||    50
  Dodge: Dodged            |     7 |    35 |   101 ||   143

Table legend: (Time is in decaauts)
 A = Elapsed time spent in this place.
 B = Non-inter-level travel time spent in this place.
 C = Inter-level travel time spent in this place.
 D = Time resting spent in this place.
 E = Time spent auto-exploring this place.
 F = Levels seen in this place.
 G = Mean time per level.
                   A        B        C        D        E       F      G
               +--------+--------+--------+--------+--------+-----+--------+
         Total |  10573 |  10055 |    518 |   1682 |   7004 |   9 | 1174.8 |
       Dungeon |  10464 |   9958 |    506 |   1682 |   6921 |   8 | 1308.0 |
        Temple |    108 |     96 |     12 |      0 |     83 |   1 |  108.0 |
               +--------+--------+--------+--------+--------+-----+--------+

Top non-repeatable levels by time:
     D:7: 2349 daAuts
     D:2: 1579 daAuts
     D:4: 1541 daAuts
     D:5: 1460 daAuts
     D:3: 1260 daAuts
     D:1: 1196 daAuts
     D:6: 1019 daAuts
  Temple: 108 daAuts
     D:8: 57 daAuts
